Match 41440840
Unlisted

Match 41440840
End
Construct Weapon Support Center
Scout Squad
M1919 Machine Gun Team
M1919 Machine Gun Team
Air Support Center
Construct Medical Station
Selects Advanced Infantry Battlegroup
Selects Artillery Observers
M3 Armored Personnel Carrier
Engineer Squad
Construct Motor Pool
P-47 Dive Bomb
M3 Armored Personnel Carrier
M3 Armored Personnel Carrier
P-47 Strafing Run
Selects Convert to Ranger Squad
Selects Frontline Medical Station
Selects M2A1 105mm Howitzer Emplacement
Construct Tank Depot
Double Sortie
Air Supremacy
Selects Free Fire Drills
Construct Barracks
Selects Free Fire Drills
Selects Convert to Ranger Squad
P-47 Dive Bomb
Ranger Squad
Ranger Squad
Advanced Air Reconnaissance
Improved Aircraft Armor
M18 Hellcat Tank Destroyer
Selects Frontline Medical Station
P-47 Dive Bomb
P-47 Dive Bomb
M18 Hellcat Tank Destroyer
Grasshopper High-Altitude Recon Run
P-47 Dive Bomb
Selects Infantry Assault
M18 Hellcat Tank Destroyer
M18 Hellcat Tank Destroyer
Infantry Assault
M4A1 Sherman Medium Tank
Engineer Squad
Frontline Medical Station
P-47 Dive Bomb
自由开火
ReffRydaz
:)
Zaadschieter
Irish_Templar
don pelon
Naveed #No2IRGC
Stalker
0
0

Comments sign in to comment!

No comments posted yet!